 Dungeon Sprint DCSS version 0.28-a0-1387-g3a22ab9bdc (webtiles) character file.

Game seed: 6822675043729548012

613 greenreed the Carver (level 7, -2/48 (75) HPs)
             Began as a Minotaur Berserker on Jan 2, 2022.
             Was a Believer of Trog.
             Slain by Sonja (6 damage)
             ... in the Dungeon (Sprint I: "Red Sonja").
             The game lasted 00:03:39 (519 turns).

greenreed the Carver (Minotaur Berserker)            Turns: 519, Time: 00:03:40

HP:   -2/48 (75)    AC:  2    Str: 23    XL:     7   Next: 20%
MP:   6/6           EV: 13    Int:  4    God:    Trog [**....]
Gold: 157           SH:  0    Dex: 10    Spells: 6/6 levels left

rFire   . . .      SeeInvis .   a - +0 falchion
rCold   . . .      Faith    .   (no shield)
rNeg    . . .      Spirit   .   b - +0 animal skin
rPois   .          Reflect  .   (helmet restricted)
rElec   .          Harm     .   (no cloak)
rCorr   .          Rampage  .   (no gloves)
Will    ++...      NoTele   +   (no boots)
Stlth   +.........              (no amulet)
HPRegen 1.16/turn               (no ring)
MPRegen 0.10/turn               (no ring)

@: strong-willed, on berserk cooldown, regenerating, slowed, very heavily
drained, very slow
A: horns 2, retaliatory headbutt
a: Renounce Religion, Berserk, Trog's Hand


You were in the Dungeon.
You worshipped Trog.
Trog was pleased with you.
You visited 1 branch You collected 307 gold pieces.
You spent 150 gold pieces at shops.

Inventory:

Hand Weapons
 a - a +0 falchion (weapon)
Armour
 b - a +0 animal skin (worn)
 l - a +0 tower shield of reflection
Wands
 i - a wand of acid (10)
Scrolls
 h - a scroll of blinking
 j - a scroll of identify {unknown}
 k - a scroll of enchant armour {unknown}
Potions
 c - a potion of curing
 e - a potion of haste
 f - 2 potions of magic
 g - a potion of berserk rage


   Skills:
 + Level 11.8 Fighting
 + Level 12.7 Long Blades
 + Level 6.3 Armour
 + Level 5.9 Dodging


You had 6 spell levels left.
You didn't know any spells.
Your spell library was empty.

Dungeon Overview and Level Annotations

Branches:
Dungeon (1/1)

Altars:
Cheibriados
Dithmenos
Elyvilon
Fedhas
Gozag
Hepliaklqana
Kikubaaqudgha
Makhleb
Nemelex Xobeh
Okawaru
Qazlal
Ru
Sif Muna
Trog
Uskayaw
Vehumet
Wu Jian
Xom
Yredelemnul
Zin
The Shining One
Jiyva
Lugonu

Shops:
D [

Annotations:
D Sonja


Innate Abilities, Weirdness & Mutations

You have a pair of horns on your head.
You reflexively headbutt those who attack you in melee.


Message History

You feel sick.
You are no longer poisoned.
Sonja mumbles some strange words.
Sonja blinks!
You close the door.
Sonja opens the door.
You see here 27 gold pieces.
Your skin crawls.
You feel strong-willed.
Sonja says, "If only old Madame Brzewit could see me now!"
Sonja hits you but does no damage.
You feel drained.
Sonja hits you with a +1 dagger of draining.
You feel drained.
* * * LOW HITPOINT WARNING * * *
Sonja barely misses you.
You barely miss Sonja.
Sonja is lightly wounded.
Sonja hits you with a +1 dagger of draining!
* * * LOW HITPOINT WARNING * * *
You feel drained.
* * * LOW HITPOINT WARNING * * *
Sonja hits you but does no damage.
You feel drained.
Sonja hits you with a +1 dagger of draining.
* * * LOW HITPOINT WARNING * * *
You feel drained.
You feel much better.
Sonja hits you with a +1 dagger of draining!
* * * LOW HITPOINT WARNING * * *
You feel drained.
Sonja hits you with a +1 dagger of draining.
* * * LOW HITPOINT WARNING * * *
You feel drained.
Sonja hits you with a +1 dagger of draining.
* * * LOW HITPOINT WARNING * * *
You feel drained.
Sonja hits you with a +1 dagger of draining.
* * * LOW HITPOINT WARNING * * *
You feel drained.
Sonja hits you with a +1 dagger of draining.
You die...

#..#####'#####'#__#
#..####..#...#.####
#..#__####.K##.#
#..#_____##§#_.+
#⌠⌠#_.∩...÷..._#
####_..__##_.#'#
#_____###'#.#
#########K### +@.$+
#$.$# ##.## #+#


You could see Sonja.

Vanquished Creatures
  A slime creature (D)
  Sigmund (D)
  A yak (D)
  An ogre (D)
  A jelly (D)
  Ijyb (D)
6 creatures vanquished.

Notes
Turn   | Place    | Note
-------+----------+-------------------------------------------
     0 | D        | greenreed the Minotaur Berserker began the quest for the
                  | Orb.
     0 | D        | Reached XP level 1. HP: 19/19 MP: 0/0
     3 | D        | Noticed Ijyb
     7 | D        | Killed Ijyb
     8 | D        | Reached skill level 5 in Fighting
     8 | D        | Reached skill level 5 in Long Blades
     8 | D        | Reached XP level 2. HP: 29/29 MP: 1/1
    19 | D        | Noticed an ogre
    28 | D        | Killed an ogre
    29 | D        | Reached skill level 8 in Long Blades
    29 | D        | Reached XP level 3. HP: 40/40 MP: 2/2
    29 | D        | Reached XP level 4. HP: 48/48 MP: 3/3
    90 | D        | Noticed Sigmund
    95 | D        | Killed Sigmund
    95 | D        | Reached ** piety under Trog
    96 | D        | Reached skill level 10 in Long Blades
    96 | D        | Reached skill level 5 in Armour
    96 | D        | Reached XP level 5. HP: 58/58 MP: 4/4
    96 | D        | Reached XP level 6. HP: 66/66 MP: 5/5
   146 | D        | Found an ornate altar of the Wu Jian Council.
   146 | D        | Found a shimmering blue altar of Sif Muna.
   148 | D        | Found a radiant altar of Vehumet.
   152 | D        | Reached skill level 10 in Fighting
   152 | D        | Reached skill level 5 in Dodging
   159 | D        | Found a burning altar of Makhleb.
   159 | D        | Found a viscous altar of Jiyva.
   159 | D        | Found a shimmering altar of Xom.
   159 | D        | Found a corrupted altar of Lugonu.
   159 | D        | Noticed a slime creature
   168 | D        | Killed a slime creature
   169 | D        | Reached skill level 12 in Long Blades
   242 | D        | Found Vusiowew's Antique Armour Emporium.
   242 | D        | Found an ancient bone altar of Kikubaaqudgha.
   242 | D        | Found a hazy altar of Hepliaklqana.
   242 | D        | Found a stormy altar of Qazlal.
   242 | D        | Found a hide-covered altar of Uskayaw.
   242 | D        | Found a blossoming altar of Fedhas.
   242 | D        | Found a bloodstained altar of Trog.
   242 | D        | Found an iron altar of Okawaru.
   242 | D        | Found a basalt altar of Yredelemnul.
   242 | D        | Found a glowing golden altar of the Shining One.
   242 | D        | Found a snail-covered altar of Cheibriados.
   242 | D        | Found a sacrificial altar of Ru.
   242 | D        | Found a glowing silver altar of Zin.
   242 | D        | Found a shadowy altar of Dithmenos.
   242 | D        | Found a white marble altar of Elyvilon.
   242 | D        | Noticed a yak
   248 | D        | Killed a yak
   249 | D        | Reached XP level 7. HP: 32/75 MP: 6/6
   249 | D        | Found an opulent altar of Gozag.
   483 | D        | Found a sparkling altar of Nemelex Xobeh.
   487 | D        | Bought a shiny tower shield for 150 gold pieces
   504 | D        | Noticed Sonja
   518 | D        | HP: 1/55 [Sonja (4)]
   519 | D        | Slain by Sonja

Illustrated notes

Levels and vault maps discovered:
D:        dungeon_sprint_1 [red_sonja_temple_1, red_sonja_temple_small_1]

Skill      XL: |  1  2  3  4  5  6 |
---------------+-------------------+-----
Fighting       | 5 7 9 11 | 11.8
Long Blades    | 5 8 10 12 | 12.7
Armour         | 3 4 5 6 |  6.3
Dodging        | 3 4 5 |  5.9

Action                   |  1- 3 |  4- 6 |  7- 9 || total
-------------------------+-------+-------+-------++-------
Melee: Falchion          |     9 |    18 |     5 ||    32
       Headbutt          |     1 |     3 |       ||     4
Invok: Berserk           |     1 |     3 |     1 ||     5
       Trog's Hand       |       |       |     1 ||     1
  Use: Potion            |       |       |     1 ||     1
Armor: Animal skin       |     1 |       |     2 ||     3
Dodge: Dodged            |     8 |     2 |     7 ||    17

Table legend: (Time is in decaauts)
 A = Elapsed time spent in this place.
 B = Non-inter-level travel time spent in this place.
 C = Inter-level travel time spent in this place.
 D = Time resting spent in this place.
 E = Time spent auto-exploring this place.
 F = Levels seen in this place.
 G = Mean time per level.
                   A        B        C        D        E       F      G
               +--------+--------+--------+--------+--------+-----+--------+
         Total |    560 |    560 |      0 |      0 |    174 |   1 |  560.0 |
       Dungeon |    560 |    560 |      0 |      0 |    174 |   1 |  560.0 |
               +--------+--------+--------+--------+--------+-----+--------+

Top non-repeatable levels by time:
       D: 560 daAuts
